 Dungeon Crawl Stone Soup version 0.27.0-1-g7a089689b8 (webtiles) character file.

Game seed: 11717836532968430172

263 sanka the Skirmisher (level 6, -3/57 HPs)
             Began as a Naga Summoner on Aug 10, 2021.
             Slain by a phantom (8 damage)
             ... on level 3 of the Dungeon.
             The game lasted 00:06:06 (3541 turns).

sanka the Skirmisher (Naga Summoner)                Turns: 3541, Time: 00:06:07

Health: -3/57      AC:  3    Str: 11    XL:     6   Next: 19%
Magic:  1/9        EV:  9    Int: 17    God:
Gold:   74         SH:  0    Dex: 11    Spells: 4/9 levels left

rFire    . . .     SeeInvis +   c - +0 dagger
rCold    . . .     Faith    .   (no shield)
rNeg     . . .     Spirit   .   a - +0 robe
rPois    +         Reflect  .   (no helmet)
rElec    .         Harm     .   (no cloak)
rCorr    .         Rampage  .   (no gloves)
Will     .....                  (no barding)
Stlth    ++........             (no amulet)
HPRegen  0.19/turn              (no ring)
MPRegen  0.11/turn              (no ring)

@: very slow
A: AC +2, large, see invisible, deformed body, poison resistance, slowness 2,
spit poison 1, naga tail 1
a: Spit Poison


You were on level 3 of the Dungeon.
You visited 1 branch of the dungeon, and saw 3 of its levels.

You collected 74 gold pieces.


Innate Abilities, Weirdness & Mutations

Your serpentine skin is tough. (AC +2)
You have supernaturally acute eyesight. (SInv)
Armour fits poorly on your strangely shaped body.
Your system is resistant to poisons. (rPois)
You cover ground very slowly.
You can spit poison.
You have a snake-like lower body.


   Skills:
 + Level 4.1 Fighting
 - Level 1.5 Dodging
 - Level 3.0 Stealth
 - Level 2.0 Spellcasting
 - Level 4.0 Summonings
 - Level 3.0 Air Magic
 - Level 3.0 Poison Magic


You had 4 spell levels left.
You knew the following spells:

 Your Spells              Type           Power      Damage    Failure   Level
x - Call Imp              Summ           15%        N/A       5%          2
y - Poisonous Vapours     Pois/Air       22%        N/A       9%          2
z - Summon Small Mammal   Summ           60%        N/A       3%          1

Your spell library contained the following spells:

 Spells                   Type           Power      Damage    Failure   Level
 Sting                    Tmut/Pois      24%        1d4       11%         1
 Call Canine Familiar     Summ           15%        N/A       11%         3
 Magic Dart               Conj           4%         1d3       19%         1
 Mephitic Cloud           Conj/Pois/Air  8%         N/A       26%         3
 Summon Guardian Golem    Hex/Summ       8%         N/A       26%         3
 Summon Lightning Spire   Summ/Air       13%        N/A       41%         4
 Olgreb's Toxic Radiance  Pois           11%        N/A       50%         4

Inventory:

Hand Weapons
 c - a +0 dagger (weapon)
Armour
 a - a +0 robe (worn)
Jewellery
 f - a ring of ice
Scrolls
 b - a scroll of fog {unknown}
 d - a scroll of identify {unknown}
 i - a scroll of brand weapon {unknown}
 j - a scroll of noise {unknown}
Potions
 e - a potion of berserk rage {unknown}
 g - a potion of flight {unknown}
 h - 2 potions of mutation {unknown}

Dungeon Overview and Level Annotations

Branches:
Dungeon (3/15)

Altars:
Gozag

Shops:
D:2 =( D:3

* ▒.......▒
▒.......▒▒▒▒▒▒▒▒▒▒
▒▒▒.......<.>......▒
▒.........▒▒▒▒.▒▒▒.▒▒▒▒▒
▒.▒.......▒▒▒▒.▒ ▒.....▒▒
▒.▒............▒▒▒.......
▒.......▒.▒▒▒▒......▒▒▒▒▒
▒..▒▒▒.▒▒.▒▒ ▒▒▒.▒▒.▒
▒▒..▒ ▒.▒NW.▒▒▒▒▒.▒▒.▒
▒.5.▒ ▒......)....▒▒.▒
▒.▒.▒
▒▒▒...▒▒▒▒..▒▒.▒▒▒▒▒
▒...▒ ▒▒.▒▒ ▒..▒▒......
▒▒▒..▒▒▒▒▒▒5▒ ▒..▒▒.▒▒...
▒...........▒ ▒..▒▒.▒▒▒▒▒
▒.▒..▒▒▒▒.#.▒ ▒..▒▒.)....
▒.▒..▒ ▒..▒▒ ▒....>▒▒▒▒.
▒ ▒..▒ ▒).▒ ▒.▒▒▒......


You could see a phantom (ally target) and a friendly crimson imp (summoned).


Message History

You miscast Call Imp.
You are very lightly contaminated with residual magic.
Nothing appears to happen.
Your crimson imp hits the phantom but does no damage.
You hit the phantom.
The phantom is almost destroyed.
You have got your breath back.
The phantom closely misses you.
You completely miss the phantom.
The phantom is almost destroyed.
The phantom hits you.
* * * LOW HITPOINT WARNING * * *
The phantom blinks!
You blink.
The phantom hits you.
* * * LOW HITPOINT WARNING * * *
You hit the phantom but do no damage.
The phantom is almost destroyed.
The phantom hits you but does no damage.
You miss the phantom.
The phantom is almost destroyed.
The phantom hits you!
* * * LOW HITPOINT WARNING * * *
The phantom blinks!
You blink.
Your magical contamination has completely faded away.
You hit the phantom but do no damage.
The phantom is almost destroyed.
The phantom hits you!
You die...

Action                   |  1- 3 |  4- 6 || total
-------------------------+-------+-------++-------
Melee: Unarmed           |    10 |       ||    10
       Dagger            |    53 |    70 ||   123
 Cast: Summon Small Mamm |     4 |       ||     4
       Call Imp          |     2 |    12 ||    14
       Poisonous Vapours |       |    11 ||    11
 Abil: Spit Poison       |    30 |    11 ||    41
 Stab: Sleeping          |     1 |       ||     1
Armor: Robe              |    10 |    23 ||    33
Dodge: Dodged            |    28 |    28 ||    56

Levels and vault maps discovered:
D:1:      scummos_arrival_simple_crosswalls, layout_basic
D:2:      layout_loops_ring, serial_shops, shop, shop, uniq_natasha,
          uniq_jessica
D:3:      layout_loops_ring, nicolae_gozag_zags_fifth_avenue,
          nzn_wu_jian_contemplation, uniq_sigmund

Notes
Turn   | Place    | Note
-------+----------+-------------------------------------------
     0 | D:1      | sanka the Naga Summoner began the quest for the Orb.
     0 | D:1      | Reached XP level 1. HP: 15/15 MP: 3/3
   425 | D:1      | Reached skill level 1 in Fighting
   459 | D:1      | Reached XP level 2. HP: 24/25 MP: 5/5
   949 | D:1      | Reached skill level 2 in Fighting
  1172 | D:1      | Reached XP level 3. HP: 33/33 MP: 4/6
  1175 | D:1      | Learned a level 2 spell: Call Imp
  1178 | D:1      | Learned a level 2 spell: Poisonous Vapours
  1695 | D:2      | Found Xiud Qov's Jewellery Emporium.
  1771 | D:2      | Reached skill level 1 in Poison Magic
  2264 | D:2      | Found Ikeonin's Weapon Shoppe.
  2311 | D:2      | Noticed Natasha
  2323 | D:2      | Killed Natasha
  2324 | D:2      | Reached skill level 1 in Air Magic
  2324 | D:2      | Reached XP level 4. HP: 33/40 MP: 1/7
  2391 | D:2      | Noticed Jessica
  2397 | D:2      | Killed Jessica
  2398 | D:2      | Reached skill level 3 in Fighting
  2398 | D:2      | Reached skill level 2 in Poison Magic
  2475 | D:2      | Noticed Natasha
  2484 | D:2      | Killed Natasha
  2704 | D:3      | Found an opulent altar of Gozag.
  2706 | D:3      | Found Gozag's Platinum Reserve.
  2728 | D:3      | Reached XP level 5. HP: 31/49 MP: 5/8
  2735 | D:3      | Reached skill level 2 in Air Magic
  3062 | D:3      | Noticed Sigmund
  3073 | D:3      | Killed Sigmund
  3074 | D:3      | Reached skill level 4 in Fighting
  3074 | D:3      | Reached skill level 3 in Air Magic
  3074 | D:3      | Reached skill level 3 in Poison Magic
  3074 | D:3      | Reached XP level 6. HP: 57/57 MP: 1/9
  3473 | D:3      | HP: 5/57 [phantom (4)]
  3540 | D:3      | HP: 5/57 [phantom (8)]
  3541 | D:3      | Slain by a phantom

Vanquished Creatures
  Sigmund (D:3)
  Natasha (D:2)
  An orc wizard (D:3)
  A gnoll (D:1)
  2 adders
  A worm (D:2)
  A dart slug (D:3)
  2 orcs (D:3)
  6 endoplasms
  2 giant cockroaches (D:1)
  3 goblins
  3 hobgoblins (D:2)
  2 jackals (D:3)
  2 quokkas
  3 ball pythons
  2 bats
  3 frilled lizards
  3 kobolds
  2 rats (D:1)
41 creatures vanquished.

Vanquished Creatures (collateral kills)
  Jessica (D:2)
  Natasha (D:2)
  A goblin (D:3)
3 creatures vanquished.

Grand Total: 44 creatures vanquished
